 Dungeon Crawl Stone Soup version 0.24.1-14-gf8d2b509d9 (webtiles) character file.

Game seed: 9025988329725124766, levelgen mode: deterministic

378 Amplified the Skirmisher (level 6, 0/52 HPs)
             Began as a Hill Orc Fire Elementalist on May 20, 2020.
             Was a Believer of Zin.
             Killed by divine providence
             ... invoked by an orc priest
              (15 damage)
             ... on level 4 of the Dungeon.
             The game lasted 00:08:33 (4409 turns).

Amplified the Skirmisher (HOFE)                     Turns: 4409, Time: 00:08:33

Health: 0/52       AC:  4    Str: 13    XL:     6   Next: 74%
Magic:  8/8        EV: 12    Int: 15    God:    Zin [**....]
Gold:   208        SH:  0    Dex: 11    Spells: 4/8 levels left

rFire    . . .     SeeInvis .   b - +1 whip
rCold    . . .     Gourm    .   (no shield)
rNeg     + . .     Faith    .   a - +0 robe
rPois    .         Spirit   .   o - +0 helmet
rElec    .         Reflect  .   l - +0 cloak
rCorr    .         Harm     .   (no gloves)
MR       .....                  (no boots)
Stlth    ++........             (no amulet)
HPRegen  0.17/turn              t - ring of positive energy
MPRegen  0.11/turn              (no ring)

@: no status effects
A: no striking features
a: Recite, Vitalisation, Donate Gold, Renounce Religion, Convert to Beogh


You were on level 4 of the Dungeon.
You worshipped Zin.
Zin was pleased with you.
You were very hungry.

You visited 1 branch of the dungeon, and saw 5 of its levels.

You collected 231 gold pieces.
You donated 23 gold pieces to Zin.

Inventory:

Hand Weapons
 b - a +1 whip (weapon)
 h - a cursed +0 hunting sling
Missiles
 e - 12 boomerangs
 g - 278 stones
 i - 7 poisoned darts (quivered)
Armour
 a - a +0 robe (worn)
 l - a +0 cloak (worn)
 o - a +0 helmet (worn)
Jewellery
 t - a ring of positive energy (left hand)
Scrolls
 d - 2 scrolls of identify
 j - 3 scrolls of remove curse
Potions
 f - 2 potions of cancellation
 m - a potion of lignification
 q - a potion of berserk rage
Comestibles
 c - 10 rations


   Skills:
 * Level 4.0 Fighting
 * Level 3.4 Maces & Flails
 + Level 2.3 Armour
 + Level 2.6 Dodging
 - Level 1.5 Stealth
 - Level 1.5 Spellcasting
 - Level 1.0 Conjurations
 - Level 3.3 Fire Magic
 * Level 3.1 Invocations


You had 4 spell levels left.
You knew the following spells:

 Your Spells              Type           Power        Failure   Level  Hunger
a - Flame Tongue          Conj/Fire      #....        10%         1    ##.....
b - Conjure Flame         Conj/Fire      #.......     28%         3    ####...

Your spell library contained the following spells:

 Spells                   Type           Power        Failure   Level  Hunger
 Throw Flame              Conj/Fire      #.....       14%         2    ###....
 Inner Flame              Hex/Fire       #.......     34%         3    ####...
 Sticky Flame             Conj/Fire      #.......     67%         4    #####..
 Fireball                 Conj/Fire      #.........   95%         5    ######.


Dungeon Overview and Level Annotations

Branches:
Dungeon (5/15)
 Temple: D:4-7

Altars:
Fedhas
Ru
Xom
Zin

Annotations:
D:5 Eustachio


Message History

Press: ? - help, Shift-Dir - straight line, f/p - orc warrior
Aim: an orc warrior, wielding a -3 trident and wearing a +0 plate armour (almost dead)
You throw a poisoned dart. The poisoned dart hits the orc warrior.
The orc warrior is almost dead.
Unknown command.
That item cannot be evoked!
That item cannot be evoked!
Unknown command.
You float gracefully downwards.
The orc priest calls upon Beogh to heal the orc warrior.
The orc warrior is healed somewhat.
Throwing (i - inventory. (/) - cycle)
i - 8 poisoned darts (quivered)
Press: ? - help, Shift-Dir - straight line, f/p - orc warrior
Aim: an orc warrior, wielding a -3 trident and wearing a +0 plate armour (severely wounded)
You throw a poisoned dart.
The poisoned dart closely misses the orc warrior.
The poisoned dart barely misses the orc priest.
The orc priest invokes the aid of Beogh against you.
Beogh smites you!
You die...

,,,,,,***#.*
,****,####.######
,****,#.....l...#
,,,,....##.####.#
,***#,,,...* #.#
,****,*####* #.#
,,,,,,* #.##
******* #>.# ##@#
####### #.#
#.....# #o#
#.....# #.#
#.....# #.#
##.....## #o#
#.......# #.#
*#.....#* #(#
###...## #.#


You could see an orc warrior and an orc priest.

Vanquished Creatures
  An ogre (D:3)
  A scorpion (D:4)
  A wyvern skeleton (D:2)
  An iguana (D:4)
  2 worker ants (D:4)
  A hound skeleton (D:4)
  5 adders
  A worm (D:3)
  2 dart slugs
  2 leopard geckos
  5 orcs
  3 ball pythons
  4 giant cockroaches
  7 hobgoblins
  3 jackals (D:1)
  7 kobolds
  2 quokkas
  2 bats
  4 frilled lizards
  4 goblins
  6 rats
64 creatures vanquished.

Notes
Turn   | Place    | Note
-------+----------+-------------------------------------------
     0 | D:1      | Amplified the Hill Orc Fire Elementalist began the quest
                  | for the Orb.
     0 | D:1      | Reached XP level 1. HP: 14/14 MP: 3/3
   305 | D:1      | Reached XP level 2. HP: 21/22 MP: 2/4
   317 | D:1      | Reached skill level 1 in Fighting
   330 | D:1      | Reached skill level 1 in Maces & Flails
  1109 | D:2      | Reached skill level 1 in Armour
  1109 | D:2      | Reached XP level 3. HP: 27/28 MP: 5/5
  1487 | D:3      | Reached skill level 2 in Fighting
  1828 | D:3      | Reached XP level 4. HP: 28/37 MP: 0/6
  2113 | D:3      | Found a glowing silver altar of Zin.
  2113 | D:3      | Found a shimmering altar of Xom.
  2113 | D:3      | Noticed an angel
  2138 | D:3      | Became a worshipper of Zin the Law-Giver
  2138 | D:3      | Reached * piety under Zin
  2696 | D:2      | Learned a level 3 spell: Conjure Flame
  2715 | D:2      | Found a blossoming altar of Fedhas.
  2731 | D:2      | Reached skill level 3 in Fighting
  2731 | D:2      | Reached skill level 1 in Invocations
  2731 | D:2      | Reached XP level 5. HP: 36/45 MP: 0/7
  3455 | D:4      | Noticed an ogre
  3467 | D:5      | Entered Level 5 of the Dungeon
  3467 | D:5      | Noticed Eustachio
  3467 | D:5      | Noticed an ogre
  3539 | D:4      | Noticed an ogre
  3561 | D:3      | Killed an ogre
  3561 | D:3      | Reached XP level 6. HP: 35/51 MP: 1/8
  4010 | D:4      | Found a sacrificial altar of Ru.
  4017 | D:4      | Reached ** piety under Zin
  4230 | D:4      | Reached skill level 4 in Fighting
  4344 | D:4      | Noticed an orc warrior
  4409 | D:4      | Killed from afar by an orc priest

Levels and vault maps discovered:
D:1:      dpeg_arrival_rooms_a, layout_loops_ring
D:2:      layout_loops_ring, fedhas_ov_isle_minmay
D:3:      layout_loops_ring, grunt_temple_overflow_order_and_chaos_1,
          first_ration, serial_park_tiny_pond, bh_chokoban
D:4:      layout_loops_cross, lemuel_round_altar, kennysheep_mini_moat
D:5:      layout_cave_pools, minmay_temple_entry_antechambers, xom_redecorated,
          uniq_eustachio, uniq_sigmund

Skill      XL: |  1  2  3  4  5  6 |
---------------+-------------------+-----
Fighting       | 1 2 3 4 |  4.0
Maces & Flails | 1 2 3 |  3.4
Armour         | 1 2 |  2.3
Dodging        | 2 |  2.6
Invocations    | 1 2 3 |  3.1
Stealth        | |  1.5
Spellcasting   | |  1.5
Conjurations   | |  1.0
Fire Magic     | |  3.3

Action                   |  1- 3 |  4- 6 || total
-------------------------+-------+-------++-------
Melee: Whip              |    80 |    84 ||   164
Throw: Boomerang         |     4 |     1 ||     5
       Dart              |       |    39 ||    39
 Cast: Flame Tongue      |    35 |    20 ||    55
       Conjure Flame     |       |     1 ||     1
  Use: Scroll            |     4 |     5 ||     9
       Potion            |     2 |     6 ||     8
 Stab: Sleeping          |     1 |     1 ||     2
       Distracted        |     1 |       ||     1
  Eat: Chunk             |     2 |     3 ||     5
       Ration            |     1 |     1 ||     2
Armor: Robe              |    22 |    20 ||    42
Dodge: Dodged            |    85 |    75 ||   160
